 Dungeon Crawl Stone Soup version 0.30.0-29-ga12c61a403 (webtiles) character file.

Game seed: 16593246023488612234

26 ChadusMaximus the Caller (level 3, 0/24 HPs)
             Began as a Barachi Summoner on June 22, 2023.
             Killed from afar by Natasha (11 damage)
             ... with a magic dart
             ... on level 2 of the Dungeon.
             The game lasted 00:01:53 (1167 turns).

ChadusMaximus the Caller (Barachi Summoner)         Turns: 1167, Time: 00:01:53

Health: 0/24       AC:  2    Str:  9    XL:     3   Next: 8%
Magic:  0/6        EV: 12    Int: 17    God:
Gold:   46         SH:  0    Dex: 12    Spells: 1/7 levels left

rFire   . . .        f - +0 dagger
rCold   . . .        (no shield)
rNeg    . . .        a - +0 robe
rPois   .            (no helmet)
rElec   .            (no cloak)
rCorr   .            (no gloves)
SInv    .            (no boots)
Will    .....        (no amulet)
Stlth   ++           (no ring)
HPRegen 0.24/turn    (no ring)
MPRegen 0.10/turn

%: no passive effects
@: slowed, very slow
A: amphibious, slowness 1, strong legs 1, +LOS
a: Hop


You were on level 2 of the Dungeon.
You visited 1 branch of the dungeon, and saw 2 of its levels.

You collected 46 gold pieces.

Inventory:

Hand Weapons
 f - a +0 dagger (weapon)
Armour
 a - a +0 robe (worn)
Scrolls
 c - 3 scrolls of enchant armour {unknown}
 g - a scroll of butterflies {unknown}
 h - a scroll of blinking {unknown}
Potions
 b - a potion of magic
 d - a potion of heal wounds {unknown}
 e - a potion of attraction {unknown}
 i - a potion of ambrosia {unknown}
 j - a potion of curing {unknown}


   Skills:
 - Level 2.6 Dodging
 - Level 2.2 Stealth
 + Level 2.6 Spellcasting
 * Level 5.2 Summonings


You had one spell level left.
You knew the following spells:

 Your Spells              Type           Power      Damage    Failure   Level
a - Summon Small Mammal   Summ           76%        N/A       2%          1
b - Call Imp              Summ           38%        N/A       3%          2
c - Call Canine Familiar  Summ           19%        N/A       6%          3

Your spell library contained the following spells:

 Spells                   Type           Power      Damage    Failure   Level
 Sandblast                Erth           4%         2d4       19%         1
 Summon Guardian Golem    Hex/Summ       11%        N/A       19%         3
 Passwall                 Tmut/Erth      1%         N/A       28%         2
 Stone Arrow              Conj/Erth      4%         3d7       50%         3
 Summon Lightning Spire   Summ/Air       11%        N/A       52%         4


Dungeon Overview and Level Annotations

Branches:
Dungeon (2/15)

Altars:

Shops:
D:1 (?:?

Annotations:
D:2 Jessica, Natasha


Innate Abilities, Weirdness & Mutations

You are amphibious.
You cover ground slowly.
You can hop short distances.
You have an extended range of vision and can be seen from far away.


Message History

Magic restored.
You start resting.
You are ready to hop once more.
You start resting.
HP restored.
There is a stone staircase leading down here.
You climb downwards.
Level annotation: Jessica
Found a quarterstaff.
There is a stone staircase leading up here.
Memorise Call Imp, consuming 2 spell levels and leaving 4?
You start memorising the spell.
You continue memorising. x2
You finish memorising.
Spell assigned to 'b'.
This spell is quite dangerous to cast!
Memorise Call Canine Familiar, consuming 3 spell levels and leaving 1?
You start memorising the spell.
You continue memorising. x3
You finish memorising.
Spell assigned to 'c'.
There is a stone staircase leading up here.
Found a dagger.
Natasha, Servant of Life and Death comes into view.
Natasha hisses angrily.
Natasha casts a spell at you. You resist with significant effort.
Casting: Summon Small Mammal (safe; 2% risk of failure)
Confirm with . or Enter, or press ? or * to list all spells.
The spell is quite dangerous to miscast (6% risk of failure)!
Continue anyway?
Natasha casts a spell at you.
You feel yourself slow down.
Casting: Call Canine Familiar (quite dangerous; 6% risk of failure)
Confirm with . or Enter, or press ? or * to list all spells.
The spell is quite dangerous to miscast (6% risk of failure)!
Continue anyway?
Your hound disappears in a puff of smoke!
Natasha stares at you and mumbles some strange words.
The magic dart hits you!
Natasha mumbles some strange words.
Natasha claws you!
Your hound bites Natasha. x2
Natasha stares at you and mumbles some strange words.
The magic dart hits you!
You die...

#.##.#
########.##.#
.......)..<.#
#######.#..#
#.#..# #.#..#
####.#..#
#.......#
####@##.#.##
#.)..h#.#.#
#..5h.#.#.#
#.....#.#
..........
...........#
.####......##
#..##### ##.


You could see Natasha (ally target), a cerulean imp (summoned) and a friendly
hound (summoned).

Vanquished Creatures
  A dart slug (D:1)
  An endoplasm (D:1)
  A giant cockroach (D:1)
  2 goblins
  2 hobgoblins (D:1)
  A frilled lizard (D:1)
  2 rats (D:1)
10 creatures vanquished.

Vanquished Creatures (collateral kills)
  A bat (D:1)
  An endoplasm (D:1)
  A goblin (D:2)
  2 hobgoblins (D:1)
  A kobold (D:1)
  A quokka (D:1)
  2 ball pythons (D:1)
  A frilled lizard (D:1)
  A rat (D:1)
11 creatures vanquished.

Grand Total: 21 creatures vanquished

Notes
Turn   | Place    | Note
-------+----------+-------------------------------------------
     0 | D:1      | ChadusMaximus the Barachi Summoner began the quest for the
                  | Orb.
     0 | D:1      | Reached XP level 1. HP: 13/13 MP: 3/3
   261 | D:1      | Reached XP level 2. HP: 16/19 MP: 1/5
   263 | D:1      | Reached skill level 5 in Summonings
   430 | D:1      | Found Turag's Book Shoppe.
   574 | D:1      | Found Ronus's Antique Weapon Boutique.
   660 | D:1      | Found Ihugez's Magic Scroll Boutique.
   757 | D:1      | Reached XP level 3. HP: 15/24 MP: 6/6
   825 | D:1      | Found Ezarhoti's Magic Scroll Shoppe.
  1026 | D:2      | Noticed Jessica
  1147 | D:2      | Learned a level 2 spell: Call Imp
  1151 | D:2      | Learned a level 3 spell: Call Canine Familiar
  1162 | D:2      | Noticed Natasha
  1167 | D:2      | Killed from afar by Natasha

Illustrated notes

Levels and vault maps discovered:
D:1:      lordsloth_arrival_two_stooges, layout_rooms, serial_shops,
          nicolae_shop_tiny_real_fake_doors, nicolae_shop_tiny_waterfront, shop,
          nicolae_shop_rolled_up, serial_corexii_hall,
          chequers_hall_statues_corner_a, corexii_hall_statues_i,
          corexii_hall_statues_t, chequers_hall_statues_y
D:2:      layout_loops_ring, serial_undead, serial_undead_a, serial_undead_d,
          serial_undead_f, serial_undead_d, uniq_natasha, uniq_jessica

Skill      XL: |  1  2 |
---------------+-------+-----
Stealth        | 2 |  2.2
Summonings     | 5 |  5.2
Dodging        | |  2.6
Spellcasting   | |  2.6

Action                     || total
---------------------------++-------
  Melee: Unarmed           ||    17
         Dagger            ||    51
   Cast: Summon Small Mamm ||    30
         Call Canine Famil ||     2
Ability: Hop               ||     1
   Stab: Sleeping          ||     2
 Armour: Robe              ||     8
  Dodge: Dodged            ||    38
